 Dungeon Crawl Stone Soup version 0.26-a0-651-gb41185065b (webtiles) character file.

Game seed: 6996175069794183246

936 Lanoc the Shooter (level 8, -7/61 HPs)
             Began as a Human Hunter on Oct 21, 2020.
             Mangled by a gnoll
             ... wielding a +0 spear
              (9 damage)
             ... on level 5 of the Dungeon.
             The game lasted 00:07:04 (5917 turns).

Lanoc the Shooter (Human Hunter)                    Turns: 5917, Time: 00:07:04

Health: -7/61      AC:  3    Str: 18    XL:     8   Next: 33%
Magic:  8/8        EV: 14    Int: 13    God:
Gold:   233        SH:  0    Dex: 15    Spells: 7/7 levels left

rFire    . . .     SeeInvis .   b - +3 war axe
rCold    . . .     Faith    .   (no shield)
rNeg     . . .     Spirit   .   c - +0 leather armour
rPois    .         Reflect  .   (no helmet)
rElec    +         Harm     .   (no cloak)
rCorr    .         Rampage  .   (no gloves)
MR       .....                  (no boots)
Stlth    ++........             (no amulet)
HPRegen  0.20/turn              e - +6 ring of strength
MPRegen  0.11/turn              (no ring)

@: no status effects
A: mutation resistance 1, electricity resistance
a: no special abilities


You were on level 5 of the Dungeon.
You visited 1 branch of the dungeon, and saw 5 of its levels.

You collected 233 gold pieces.

Inventory:

Hand Weapons
 a - a +1 shortbow
 b - a +3 war axe (weapon)
Missiles
 d - 67 arrows
Armour
 c - a +0 leather armour (worn)
Jewellery
 e - a +6 ring of strength (left hand)
Wands
 i - a wand of digging (5)
 p - a wand of random effects (7)
 s - a wand of iceblast (7)
Scrolls
 g - 2 scrolls of fog {unknown}
 k - 2 scrolls of teleportation
 l - 2 scrolls of amnesia {unknown}
 m - 4 scrolls of identify {unknown}
 q - a scroll of enchant armour {unknown}
 r - a scroll of remove curse {unknown}
Potions
 f - a potion of haste {unknown}
 h - a potion of flight {unknown}
 j - a potion of mutation
 n - a potion of stabbing
 o - a potion of heal wounds {unknown}
 u - a potion of degeneration {unknown}


   Skills:
 + Level 4.9 Fighting
 * Level 7.6 Bows
 + Level 4.8 Dodging
 - Level 1.0 Stealth


You had 7 spell levels left.
You didn't know any spells.
Your spell library was empty.

Dungeon Overview and Level Annotations

Branches:
Dungeon (5/15)
 Temple: D:4-7

Altars:
Fedhas
Makhleb
Uskayaw
Vehumet

Annotations:
D:5 Grinder


Innate Abilities, Weirdness & Mutations

You are somewhat resistant to further mutation.
You are resistant to electric shocks. (rElec)


Message History

You feel better. The gnoll closely misses you. The gnoll barely misses you.
A gnoll comes into view. It is wielding a +0 spear.
You barely miss the gnoll.
The gnoll is almost dead.
You hit the gnoll. The gnoll barely misses you. x3
The gnoll hits you with a +0 spear.
* * * LOW HITPOINT WARNING * * *
You closely miss the gnoll.
The gnoll is almost dead.
You hit the gnoll.
The gnoll hits you with a +1 flail of holy wrath.
* * * LOW HITPOINT WARNING * * *
The gnoll closely misses you. The gnoll barely misses you.
You hit the gnoll.
You kill the gnoll!
You hit the gnoll but do no damage. The gnoll barely misses you.
The gnoll hits you from afar with a +0 spear.
* * * LOW HITPOINT WARNING * * *
The gnoll hits you with a +0 spear!
You die...

## ## ..#.. .#.# ...#
#..# #####..#
######...#..#######..
.....g.))............
##.#g@.##..##.###.# #
#...##..##.# #.#.##
######..##.# #.#...
####...#.###.#.##
..................
...####...##...... ##
##..###.#.## #..#
#.#.# ###.###.#.##


You could see 2 gnolls.

Vanquished Creatures
  A centaur (D:5)
  3 big kobolds
  2 bullfrog zombies (D:5)
  A jelly (D:5)
  An orc priest (D:3)
  2 gnoll shamans (D:5)
  An orc wizard (D:3)
  A centaur skeleton (D:4)
  Natasha (thrice) (D:3)
  2 worker ants (D:4)
  9 gnolls
  6 adders
  An ooze (D:3)
  An adder skeleton (D:4)
  2 worms (D:4)
  9 dart slugs
  2 leopard geckos
  15 orcs
  2 giant cockroaches
  8 goblins
  4 hobgoblins
  2 jackals (D:4)
  3 quokkas
  A ball python (D:2)
  5 bats
  43 kobolds
  7 rats
137 creatures vanquished.

Vanquished Creatures (others)
  A fungus (D:2)
1 creature vanquished.

Grand Total: 138 creatures vanquished

Notes
Turn   | Place    | Note
-------+----------+-------------------------------------------
     0 | D:1      | Lanoc the Human Hunter began the quest for the Orb.
     0 | D:1      | Reached XP level 1. HP: 16/16 MP: 1/1
   231 | D:1      | Reached XP level 2. HP: 7/22 MP: 2/2
   515 | D:2      | Reached XP level 3. HP: 23/27 MP: 3/3
   878 | D:2      | Found a blossoming altar of Fedhas.
   888 | D:3      | Found a burning altar of Makhleb.
  1032 | D:3      | Gained mutation: You are somewhat resistant to further
                  | mutation. [potion of mutation]
  1032 | D:3      | Gained mutation: You are resistant to electric shocks.
                  | (rElec) [potion of mutation]
  1349 | D:3      | Reached XP level 4. HP: 30/34 MP: 4/4
  1612 | D:3      | Reached skill level 5 in Bows
  1619 | D:3      | Reached XP level 5. HP: 29/40 MP: 5/5
  1910 | D:3      | Noticed Natasha
  1917 | D:3      | Killed Natasha
  1956 | D:3      | Noticed Natasha
  1963 | D:3      | Killed Natasha
  2251 | D:3      | Noticed Natasha
  2261 | D:3      | Killed Natasha
  2628 | D:3      | Reached XP level 6. HP: 47/47 MP: 6/6
  3194 | D:3      | Reached skill level 6 in Bows
  3458 | D:2      | Reached XP level 7. HP: 13/53 MP: 7/7
  4414 | D:4      | Found a hide-covered altar of Uskayaw.
  4414 | D:4      | Found a radiant altar of Vehumet.
  5334 | D:5      | Entered Level 5 of the Dungeon
  5334 | D:5      | Noticed Grinder
  5369 | D:5      | Reached skill level 7 in Bows
  5369 | D:5      | Reached XP level 8. HP: 22/61 MP: 8/8
  5917 | D:5      | HP: 2/61 [gnoll/+0 spear (3)]
  5917 | D:5      | Mangled by a gnoll

Illustrated notes

Levels and vault maps discovered:
D:1:      lightli_arrival_statue_moat, layout_basic
D:2:      kennysheep_the_goblin_king, layout_basic, fedhas_altar_3
D:3:      minmay_goblin_kobold_castle, layout_loops_ring,
          overflow_temple_1_default, uniq_natasha
D:4:      kennysheep_slugbush, layout_cave_pools,
          gammafunk_temple_overflow_elements
D:5:      layout_basic, serial_park_tiny_1, uniq_ijyb, uniq_grinder,
          uniq_blork_the_orc, uniq_edmund

Skill      XL: |  1  2  3  4  5  6  7 |
---------------+----------------------+-----
Bows           | 5 6 7 |  7.6
Fighting       | 3 4 |  4.9
Dodging        | 3 4 |  4.8
Stealth        | |  1.0

Action                   |  1- 3 |  4- 6 |  7- 9 || total
-------------------------+-------+-------+-------++-------
Melee: Short sword       |   104 |    12 |       ||   116
       War axe           |       |   125 |   124 ||   249
 Fire: Shortbow          |    14 |    20 |       ||    34
  Use: Potion            |     3 |       |     2 ||     5
       Scroll            |       |       |     1 ||     1
 Stab: Sleeping          |     3 |       |     1 ||     4
Armor: Leather armour    |    31 |    48 |    19 ||    98
Dodge: Dodged            |    65 |   136 |   130 ||   331

Table legend: (Time is in decaauts)
 A = Elapsed time spent in this place.
 B = Non-inter-level travel time spent in this place.
 C = Inter-level travel time spent in this place.
 D = Time resting spent in this place.
 E = Time spent auto-exploring this place.
 F = Levels seen in this place.
 G = Mean time per level.
                   A        B        C        D        E       F      G
               +--------+--------+--------+--------+--------+-----+--------+
         Total |   6077 |   5974 |    103 |   1078 |   3771 |   5 | 1215.4 |
       Dungeon |   6077 |   5974 |    103 |   1078 |   3771 |   5 | 1215.4 |
               +--------+--------+--------+--------+--------+-----+--------+

Top non-repeatable levels by time:
     D:3: 3137 daAuts
     D:4: 1086 daAuts
     D:2: 812 daAuts
     D:5: 581 daAuts
     D:1: 459 daAuts
